 Dungeon Crawl Stone Soup version 0.31.0 (webtiles) character file.

Game seed: 5105185516094201563

796 qw the Skirmisher (level 7, -7/44 HPs)
             Began as a Gargoyle Hunter on Jan 19, 2024.
             Mangled by Duvessa
             ... wielding a +0 short sword
              (10 damage)
             ... on level 4 of the Dungeon.
             The game lasted 00:00:14 (3161 turns).

qw the Skirmisher (Gargoyle Hunter)                 Turns: 3161, Time: 00:00:15

Health: -7/44      AC: 11    Str: 15    XL:     7   Next: 89%
Magic:  7/7        EV: 11    Int:  9    God:
Gold:   231        SH:  5    Dex: 15    Spells: 6/6 levels left

rFire   . . .        e - +0 orcbow (flame)
rCold   x . .        (shield currently unavailable)
rNeg    + + .        a - +0 ring mail
rPois   inf          c - +0 hat of Marbles {Fly rC- Will+++}
rElec   +            (no cloak)
rCorr   .            (no gloves)
SInv    .            g - +0 pair of boots
Will    +++..        b - amulet of reflection
Stlth   +            m - ring of positive energy
HPRegen 0.27/turn    (no ring)
MPRegen 0.10/turn

%: reflection
@: flying
A: sickness immunity, AC +4, negative energy resistance 1, electricity
resistance, torment resistance 1, petrification resistance
a: no special abilities


You were on level 4 of the Dungeon.
You visited 1 branch of the dungeon, and saw 4 of its levels.

You collected 231 gold pieces.


Innate Abilities, Weirdness & Mutations

You are immune to sickness and miasma.
Your stone body is resilient. (AC +4)
You are immune to poison.
You resist negative energy. (rN+)
You are resistant to electric shocks. (rElec)
You are resistant to unholy torment.
You are immune to petrification.


   Skills:
 - Level 5.1 Fighting
 - Level 8.0 Ranged Weapons
 - Level 2.1 Armour
 + Level 1.9 Dodging
 - Level 1.1 Stealth


You had 6 spell levels left.
You didn't know any spells.
Your spell library was empty.

Inventory:

Hand Weapons
 e - a +0 orcbow of flaming (weapon)
Armour
 a - a +0 ring mail (worn)
 c - the +0 hat of Marbles (worn) {Fly rC- Will+++}
   (You acquired it on level 2 of the Dungeon)

   rC-:       It makes you vulnerable to cold.
   Will+++:   It greatly increases your willpower.
   Fly:       It grants you flight.
 g - a +0 pair of boots (worn)
Jewellery
 b - an amulet of reflection (around neck)
 m - a ring of positive energy (left hand)
Wands
 l - a wand of flame (15)
Potions
 d - a potion of curing {unknown}
 f - a potion of mutation {unknown}
 h - 3 potions of might
 i - a potion of enlightenment {unknown}

Dungeon Overview and Level Annotations

Branches:
Dungeon (4/15)
 Temple: D:4-7

Altars:

Shops:
D:2 (

Annotations:
D:3 1 runed translucent door, qw's ghost, amateur GrHu
D:4 Duvessa


Message History

Things that are here:
a +0 hand axe; a +0 dagger
Things that are here:
a +0 dagger; a +0 robe
Things that are here:
a +0 club; a +0 leather armour Duvessa, Sister of Dowan comes into view.
She is wielding a +0 short sword.
Duvessa shouts!
Duvessa goes berserk!
You shoot an arrow.
The arrow hits Duvessa but does no damage.
You shoot an arrow. The arrow closely misses Duvessa.
Duvessa rages.
You shoot an arrow.
The arrow hits Duvessa but does no damage.
Duvessa hits you with a +0 short sword!
You shoot an arrow. The arrow barely misses Duvessa.
You block Duvessa's attack. Duvessa hits you but does no damage.
You shoot an arrow. The arrow closely misses Duvessa.
Duvessa hits you with a +0 short sword! x2
You shoot an arrow. The arrow hits Duvessa.
The arrow burns Duvessa.
Duvessa is lightly wounded.
Duvessa barely misses you. Duvessa hits you with a +0 short sword!
You shoot an arrow.
The arrow hits Duvessa but does no damage.
Duvessa is lightly wounded.
Duvessa completely misses you.
You shoot an arrow.
The arrow hits Duvessa but does no damage.
Duvessa is lightly wounded.
Duvessa closely misses you. Duvessa barely misses you.
You shoot an arrow. The arrow closely misses Duvessa.
Duvessa hits you but does no damage. Duvessa hits you with a +0 short sword.
You shoot an arrow. The arrow hits Duvessa!
The arrow burns Duvessa.
Duvessa is moderately wounded.
Duvessa barely misses you. Duvessa misses you.
You shoot an arrow. The arrow hits Duvessa.
The arrow burns Duvessa.
Duvessa is moderately wounded.
Duvessa barely misses you. Duvessa hits you with a +0 short sword!
You die...

.................#
#.............
#..)...##..###...#
#...#.###.....
#.....###..###...# #...#.#
#..... ###..............#
#...#.# #.....
#########..####..###...#.#
####.#
...........####......>...#
#.#
#########..............###
#.#
#........e#.##..########.#
##.......@...............#
##.............##########
#.....######### ##...##
##)## #)# #.# ######## #.#
)......#####.#


You could see Duvessa (berserk).

Vanquished Creatures
  Pikel (D:4)
  Eustachio (D:4)
  Dowan (D:4)
  An orc wizard (D:4)
  7 gnolls
  3 adders
  2 dart slugs
  2 ribbon worms
  5 orcs
  8 ball pythons
  8 endoplasms
  3 giant cockroaches (D:1)
  3 hobgoblins
  2 quokkas
  6 bats
  5 frilled lizards
  7 goblins
  3 kobolds
  5 rats
73 creatures vanquished.

Notes
Turn   | Place    | Note
-------+----------+-------------------------------------------
     0 | D:1      | qw the Gargoyle Hunter began the quest for the Orb.
     0 | D:1      | Reached XP level 1. HP: 12/12 MP: 1/1
     0 | D:1      | 0 ||| qw: Version: 0.3-a-132-g3d54051
     0 | D:1      | 0 ||| qw: Game counter: 58
     0 | D:1      | 0 ||| qw: Melee chars always use a shield: true
     0 | D:1      | 0 ||| qw: God list: Okawaru
     0 | D:1      | 0 ||| qw: Allow faded altars: false
     0 | D:1      | 0 ||| qw: Do Orc after clearing Dungeon:15 true
     0 | D:1      | 0 ||| qw: Do second Lair branch before Depths: true
     0 | D:1      | 0 ||| qw: Lair rune preference: random
     0 | D:1      | 0 ||| qw: Goals: Normal
     0 | D:1      | 0 ||| PLANNING D:1-11
   178 | D:1      | 178 ||| SWAPPING to +0 orcbow.
   181 | D:1      | 181 ||| DROPPING +0 shortbow.
   227 | D:1      | Reached XP level 2. HP: 14/17 MP: 2/2
   694 | D:1      | Reached XP level 3. HP: 21/21 MP: 3/3
   706 | D:1      | 706 ||| READING scroll labelled LADDUHIYTAU.
   707 | D:1      | 707 ||| READING scroll labelled JELAMA PADGH.
   708 | D:1      | 708 ||| READING scroll labelled ITASI CYDOGYOH.
   708 | D:1      | 708 ||| BRANDING +0 orcbow.
   709 | D:1      | 709 ||| READING scroll labelled HAUL JEZITAI.
   810 | D:1      | 810 ||| READING scroll labelled ALEZEH SO BEAGH.
   811 | D:1      | 811 ||| DROPPING scroll of butterflies.
   885 | D:2      | Reached skill level 5 in Ranged Weapons
  1023 | D:2      | 1023 ||| FLEEEEING.
  1143 | D:2      | Reached skill level 3 in Fighting
  1268 | D:2      | Found Keapy's Antique Weapon Emporium.
  1580 | D:2      | 1580 ||| UPGRADING to +0 ring mail.
  1590 | D:2      | 1590 ||| DROPPING +0 leather armour.
  1591 | D:2      | 1591 ||| UPGRADING to amulet of reflection.
  1596 | D:2      | 1596 ||| READING scroll labelled SUBAUK JIORYR.
  1596 | D:2      | Identified a scroll of acquirement
  1596 | D:2      | 1596 ||| ACQUIRING +0 hat of Marbles {Fly rC- Will+++}
  1596 | D:2      | Acquired the +0 hat of Marbles {Fly rC- Will+++}
  1598 | D:2      | 1598 ||| UPGRADING to +0 hat of Marbles {Fly rC- Will+++}.
  1603 | D:2      | 1603 ||| DRINKING 4 black potions.
  1643 | D:3      | Reached XP level 4. HP: 28/28 MP: 4/4
  1727 | D:3      | Reached skill level 1 in Armour
  1852 | D:3      | 1852 ||| RETREEEEATING.
  1972 | D:3      | Identified the +1 short sword "Quocvas" {flame, *Corrode
                  | Will+ Str+2}
  1990 | D:3      | Found a runed translucent door.
  1991 | D:3      | Noticed a bullfrog
  1996 | D:3      | Noticed qw's ghost (amateur GrHu)
  2031 | D:3      | Reached XP level 5. HP: 32/32 MP: 5/5
  2396 | D:3      | 2396 ||| UPGRADING to +0 pair of boots.
  2401 | D:3      | 2401 ||| READING scroll labelled RYANTU JOECE.
  2402 | D:3      | 2402 ||| FLEEEEING.
  2482 | D:4      | Noticed Eustachio
  2484 | D:4      | 2484 ||| RETREEEEATING.
  2492 | D:4      | Reached skill level 6 in Ranged Weapons
  2492 | D:4      | 2492 ||| ZAPPING wand of flame (3) at -2,0 (Eustachio;
                  | floor).
  2493 | D:4      | 2493 ||| FLEEEEING.
  2494 | D:4      | 2494 ||| FLEEEEING.
  2495 | D:4      | 2495 ||| FLEEEEING.
  2496 | D:4      | 2496 ||| ZAPPING wand of flame (2) at 2,0 (Eustachio;
                  | floor).
  2498 | D:4      | 2498 ||| ZAPPING wand of flame (1) at 2,0 (Eustachio;
                  | floor).
  2508 | D:4      | Killed Eustachio
  2509 | D:4      | Reached XP level 6. HP: 39/40 MP: 6/6
  2612 | D:4      | Noticed Pikel
  2613 | D:4      | 2613 ||| RETREEEEATING.
  2615 | D:4      | 2615 ||| RETREEEEATING.
  2619 | D:4      | 2619 ||| RETREEEEATING.
  2623 | D:4      | 2623 ||| RETREEEEATING.
  2630 | D:4      | Killed Pikel
  2631 | D:4      | Reached skill level 8 in Ranged Weapons
  2631 | D:4      | Reached XP level 7. HP: 31/44 MP: 7/7
  2764 | D:4      | Noticed Dowan
  2770 | D:4      | 2770 ||| FLEEEEING.
  2774 | D:4      | 2774 ||| FLEEEEING.
  2775 | D:4      | 2775 ||| FLEEEEING.
  2777 | D:4      | 2777 ||| FLEEEEING.
  2786 | D:4      | 2786 ||| FLEEEEING.
  2787 | D:4      | 2787 ||| FLEEEEING.
  2792 | D:4      | 2792 ||| FLEEEEING.
  2793 | D:4      | 2793 ||| FLEEEEING.
  2798 | D:4      | 2798 ||| FLEEEEING.
  2807 | D:4      | 2807 ||| FLEEEEING.
  2808 | D:4      | 2808 ||| FLEEEEING.
  2810 | D:4      | 2810 ||| FLEEEEING.
  2811 | D:4      | 2811 ||| FLEEEEING.
  2812 | D:4      | 2812 ||| FLEEEEING.
  2819 | D:4      | Killed Dowan
  3100 | D:4      | 3100 ||| UPGRADING to ring of positive energy.
  3101 | D:4      | 3101 ||| READING 3 scrolls labelled ZAALLU LIHUR.
  3102 | D:4      | 3102 ||| DRINKING 2 brown potions.
  3103 | D:4      | 3103 ||| DROPPING potion of magic.
  3104 | D:4      | 3104 ||| DROPPING 2 scrolls of amnesia.
  3150 | D:4      | Noticed Duvessa
  3156 | D:4      | HP: 4/44 [Duvessa/+0 short sword (12)]
  3161 | D:4      | Mangled by Duvessa

Levels and vault maps discovered:
D:1:      lemuel_arrival_lava_pool, layout_basic
D:2:      kennysheep_big_flooded_room, layout_basic, serial_shops,
          nicolae_shop_behind_doors, palyth_stone_intersect, minmay_pentomino_p2
D:3:      layout_basic, ebering_ghost_sewer_d, chequers_serial_rivers_large_a,
          hangedman_abyss_or_decor_lesser_grid
D:4:      layout_loops_ring, uniq_pikel, uniq_eustachio, uniq_duvessa

Skill      XL: |  1  2  3  4  5  6  7 |
---------------+----------------------+-----
Ranged Weapons | 5 6 8 |  8.0
Fighting       | 3 5 |  5.1
Armour         | 1 2 |  2.1
Dodging        | |  1.9
Stealth        | |  1.1

Action                     |  1- 3 |  4- 6 |  7- 9 || total
---------------------------+-------+-------+-------++-------
   Fire: Orcbow            |   100 |    80 |    52 ||   232
         Shortbow          |    10 |       |       ||    10
  Evoke: Wand              |       |     3 |       ||     3
    Use: Scroll            |     6 |     1 |     1 ||     8
         Potion            |     1 |       |     1 ||     2
 Armour: Leather armour    |    37 |       |       ||    37
         Ring mail         |       |    18 |    19 ||    37
  Dodge: Dodged            |    35 |    14 |    13 ||    62
  Block: Other             |       |    10 |     6 ||    16
         Reflection        |       |     1 |       ||     1

Table legend:
 A = Non-vault XP
 B = Vault XP
 C = Vault XP percentage of total XP
 D = Non-vault monster count
 E = Vault monster count
 F = Vault count percentage of total count
                 A         B        C        D         E       F
            +---------+---------+-------+---------+---------+-------
      Total |     272 |     866 |  76.1 |      66 |       7 |   9.6
            +---------+---------+-------+---------+---------+-------
        D:1 |      34 |       0 |   0.0 |      19 |       0 |   0.0
        D:2 |      34 |      12 |  26.1 |      14 |       4 |  22.2
        D:3 |      89 |       0 |   0.0 |      17 |       0 |   0.0
        D:4 |     115 |     854 |  88.1 |      16 |       3 |  15.8
            +---------+---------+-------+---------+---------+-------
